 Dungeon Crawl Stone Soup version 0.22.0-35-ge4bf2f5f59 (webtiles) character file.

58 Morbidden the Ruffian (level 3, -5/29 HPs)
             Began as a Draconian Skald on Aug 23, 2018.
             Slain by a gnoll
             ... wielding a +0 halberd
              (13 damage)
             ... on level 2 of the Dungeon.
             The game lasted 00:06:30 (1833 turns).

Morbidden the Ruffian (Draconian Skald)             Turns: 1833, Time: 00:06:31

Health: -5/29      AC:  5    Str: 14    XL:     3   Next: 75%
Magic:  3/6        EV: 12    Int: 18    God:
Gold:   25         SH:  0    Dex: 10    Spells: 5/6 levels left

rFire    . . .     SeeInvis .     - Unarmed
rCold    . . .     Gourm    .   (no shield)
rNeg     . . .     Faith    .   (armour unavailable)
rPois    .         Spirit   .   (helmet restricted)
rElec    .         Reflect  .   (no cloak)
rCorr    .         Harm     .   (no gloves)
MR       .....                  (no boots)
Stlth    +.........             (no amulet)
HPRegen  0.09/turn              (no ring)
MPRegen  0.10/turn              (no ring)

@: brilliant, infused
A: unfitting armour, cold-blooded, AC +5
a: no special abilities


You were on level 2 of the Dungeon.
You were hungry.

You visited 1 branch of the dungeon, and saw 2 of its levels.

You collected 25 gold pieces.

Inventory:

Jewellery
 d - an uncursed ring of poison resistance {unknown}
Scrolls
 c - 3 scrolls of identify {unknown}
Potions
 a - a potion of ambrosia {unknown}
 e - a potion of brilliance
Comestibles
 b - 5 rations
 f - 4 chunks of flesh


   Skills:
 - Level 2.1 Fighting
 - Level 2.1 Dodging
 * Level 3.4 Unarmed Combat
 - Level 2.0 Spellcasting
 + Level 3.4 Charms


You had 5 spell levels left.
You knew the following spells:

 Your Spells              Type           Power        Failure   Level  Hunger
a - Infusion              Chrm           ###.         1%          1    #......

Your spell library contained the following spells:

 Spells                   Type           Power        Failure   Level  Hunger
 Shroud of Golubria       Chrm/Tloc      ###.......   1%          2    ###....
 Song of Slaying          Chrm           ###.....     1%          2    ###....
 Regeneration             Chrm/Necr      ###.......   3%          3    ###....
 Spectral Weapon          Hex/Chrm       ###.....     3%          3    ###....


Dungeon Overview and Level Annotations

Branches:
Dungeon (2/15)

Altars:
Elyvilon


Innate Abilities, Weirdness & Mutations

Your plain brown scales are hard. (AC +5)
You cannot fit into any form of body armour.
You are cold-blooded and may be slowed by cold attacks.


Message History

The gnoll hits you with an enchanted halberd.
The gnoll hits you from afar with a halberd!
You hit the gnoll.
The gnoll is heavily wounded.
The gnoll closely misses you.
You barely miss the gnoll.
The gnoll is heavily wounded.
The gnoll hits you from afar with a halberd.
* * * LOW HITPOINT WARNING * * *
Unknown command.
Unknown command.
You closely miss the gnoll.
Your tail-slap misses the gnoll.
The gnoll is heavily wounded.
The gnoll misses you. The gnoll barely misses you.
Unknown command.
It was a potion of brilliance.
You feel clever all of a sudden. The gnoll barely misses you.
The gnoll hits you from afar with a halberd!
You die...

#.# ######## #.#
#####.......# ##.##
#####
#.####......##.##.
#(..###...###
#......####....##.
.._g.gg.8...####..#####
####....
#...###...#.#....>#
#....
##(########..(##.##
#.... #(#.......#####.#
#...##. ##(##.######
#.# ....####. #...#.#
#@# ...######## #.8)#.#
#g# ........÷..
#...#.##########g#
..########.
##.##.........##.####
##
#.....#######(...g.>#
## ....### #######g#
##. #...# #.## ##..
###.###############..#
#...
#†##.≈≈≈≈≈≈≈≈≈.##g.#
#...


You could see 3 gnolls.

Vanquished Creatures
  An adder (D:2)
  4 dart slugs
  3 giant cockroaches
  A goblin (D:2)
  3 hobgoblins
  7 jackals
  9 kobolds
  A ball python (D:2)
  4 bats
  2 frilled lizards (D:1)
  6 rats
41 creatures vanquished.

Notes
Turn   | Place    | Note
-------+----------+-------------------------------------------
     0 | D:1      | Morbidden the Draconian Skald began the quest for the Orb.
     0 | D:1      | Reached XP level 1. HP: 17/17 MP: 3/3
   143 | D:1      | Reached XP level 2. HP: 12/24 MP: 1/5
   454 | D:1      | You fall through a shaft!
   503 | D:1      | HP: 1/24 [giant cockroach (1)]
  1314 | D:2      | Reached XP level 3. HP: 26/29 MP: 3/6
  1549 | D:2      | Found a white marble altar of Elyvilon.
  1833 | D:2      | Slain by a gnoll

Skill      XL: |  1  2  3 |
---------------+----------+-----
Charms         | 3 |  3.4
Unarmed Combat | 3 |  3.4
Fighting       | |  2.1
Dodging        | |  2.1
Spellcasting   | |  2.0

Action                   || total
-------------------------++-------
Melee: Unarmed           ||   185
       Tailslap          ||    17
       Punch             ||     1
 Cast: Infusion          ||    17
  Use: Potion            ||     1
  Eat: Chunk             ||     3
Armor: Skin              ||    70
Dodge: Dodged            ||   141
